 Dungeon Crawl Stone Soup version 0.29.1-4-g47bece8355 (webtiles) character file.

Game seed: 10548997008764224180

7506 Ankhtithe the Carver (level 11, -1/89 HPs)
             Began as a Merfolk Gladiator on Dec 11, 2022.
             Was an Elder of Okawaru.
             Slain by an eight-headed hydra (8 damage)
             ... on level 9 of the Dungeon.
             The game lasted 01:05:15 (12272 turns).

Ankhtithe the Carver (Merfolk Gladiator)           Turns: 12272, Time: 01:05:15

Health: -1/89      AC: 10    Str: 18    XL:     11   Next: 16%
Magic:  12/12      EV: 13    Int:  9    God:    Okawaru [****..]
Gold:   573        SH:  0    Dex: 15    Spells: 6/12 levels left

rFire   . . .      SeeInvis .   y - +3 scimitar (flame)
rCold   . . .      Faith    .   (no shield)
rNeg    . . .      Spirit   .   C - +1 steam dragon scales
rPois   .          Reflect  .   c - +0 helmet
rElec   .          Harm     .   G - +0 cloak
rCorr   .          Rampage  .   (no gloves)
Will    .....                   v - +1 pair of boots
Stlth   +.........              R - amulet of regeneration
HPRegen 1.04/turn               (no ring)
MPRegen 0.13/turn               (no ring)

@: brilliant, about to teleport, flying, hasted, invisible, very quick
A: (nimble swimmer 2), mertail
a: Renounce Religion, Heroism, Finesse


You were on level 9 of the Dungeon.
You worshipped Okawaru.
Okawaru was greatly pleased with you.
You visited 2 branches of the dungeon, and saw 10 of its levels.

You collected 573 gold pieces.

Inventory:

Hand Weapons
 a - a +1 long sword
 i - a +2 dagger of protection
 x - a +2 whip of draining
 y - a +3 scimitar of flaming (weapon)
 H - a +0 great sword
Missiles
 d - 2 throwing nets
 g - 6 javelins
 l - 13 boomerangs
 q - 42 poisoned darts (quivered)
 I - 6 atropa-tipped darts
Armour
 b - a +0 leather armour
 c - a +0 helmet (worn)
 v - a +1 pair of boots (worn)
 B - a +2 robe of cold resistance
 C - +1 steam dragon scales (worn)
 D - a +0 ring mail of positive energy
 G - a +0 cloak (worn)
 P - a +0 buckler
 Q - a +0 kite shield
Jewellery
 F - a +6 ring of dexterity
 N - a ring of fire
 R - an amulet of regeneration (around neck)
 T - a ring of protection from cold
Wands
 e - a wand of quicksilver (17)
 m - a wand of polymorph (8)
 n - a wand of mindburst (4)
 M - a wand of iceblast (7)
 S - a wand of flame (7)
Scrolls
 f - 6 scrolls of poison
 j - a scroll of enchant weapon
 u - a scroll of magic mapping {unknown}
 w - 2 scrolls of teleportation
 z - a scroll of vulnerability
 L - a scroll of amnesia
Potions
 h - 2 potions of mutation
 k - 4 potions of attraction
 o - 3 potions of magic
 p - a potion of degeneration {unknown}
 s - 2 potions of invisibility
 t - a potion of brilliance
 A - a potion of might
 J - a potion of flight
 K - a potion of lignification {unknown}
 O - a potion of ambrosia {unknown}


   Skills:
 - Level 9.3 Fighting
 + Level 14.2 Long Blades
 * Level 6.1 Throwing
 - Level 4.0 Dodging
 - Level 1.0 Spellcasting
 + Level 4.2 Translocations
 - Level 5.4 Transmutations


You had 6 spell levels left.
You knew the following spells:

 Your Spells              Type           Power      Damage    Failure   Level
a - Spider Form           Tmut/Pois      8%         N/A       36%         3
c - Gell's Gravitas       Tloc           12%        N/A       19%         3

Your spell library contained the following spells:

 Spells                   Type           Power      Damage    Failure   Level
 Teleport Other           Tloc           12%        N/A       19%         3
 Portal Projectile        Hex/Tloc       12%        N/A       43%         3
 Ignite Poison            Fire/Tmut/Pois 5%         N/A       47%         3
 Ensorcelled Hibernation  Hex/Ice        0%         N/A       50%         2
 Conjure Flame            Conj/Fire      0%         6-21      73%         3
 Blade Hands              Tmut           7%         N/A       73%         5
 Anguish                  Hex/Necr       0%         N/A       98%         4
 Leda's Liquefaction      Hex/Erth       0%         N/A       98%         4
 Sticky Flame             Conj/Fire      0%         2d3       98%         4
 Dispersal                Tloc           6%         N/A       100%        6
 Eringya's Noxious Bog    Tmut/Pois      4%         N/A       100%        6
 Storm Form               Tmut/Air       4%         N/A       100%        7
 Maxwell's Capacitive Co  Air            0%         ∞         100%        8
 Call Canine Familiar     Summ           Unusable   N/A       N/A         3
 Tukima's Dance           Hex            Unusable   N/A       N/A         3
 Summon Lightning Spire   Summ/Air       Unusable   N/A       N/A         4
 Summon Forest            Summ/Tloc      Unusable   N/A       N/A         5
 Summon Hydra             Summ           Unusable   N/A       N/A         7

Dungeon Overview and Level Annotations

Branches:
Dungeon (9/15)             Temple (1/1) D:4            Lair (0/5) D:9
    Orc (0/2) D:9

Altars:
Ashenzari
Dithmenos
Elyvilon
Fedhas
Gozag
Hepliaklqana
Kikubaaqudgha
Makhleb
Nemelex Xobeh
Okawaru
Qazlal
Ru
Sif Muna
Trog
Uskayaw
Vehumet
Wu Jian
Xom
Yredelemnul
Zin
The Shining One

Annotations:
D:4 2 transporters, Jingleheimer's ghost, amateur DsFi
D:5 exclusion: statue


Innate Abilities, Weirdness & Mutations

((You are very nimble when in or above water. (Stealth+, EV+, Speed+++)))
Your lower body shifts to a powerful aquatic tail in water.


Message History

You feel very buoyant.
You fly up into the air.
The orc wizard hits you but does no damage.
It was a potion of heal wounds.
You feel much better. The eight-headed hydra misses you.
The eight-headed hydra bites you!
* * * LOW HITPOINT WARNING * * *
The eight-headed hydra bites you.
* * * LOW HITPOINT WARNING * * *
The eight-headed hydra closely misses you.
The eight-headed hydra misses you. The eight-headed hydra bites you!
* * * LOW HITPOINT WARNING * * *
The eight-headed hydra bites you but does no damage.
The eight-headed hydra bites you!
* * * LOW HITPOINT WARNING * * *
Unknown command.
Okay, then.
Okay, then.
Okay, then.
You feel much better.
The eight-headed hydra closely misses you.
The eight-headed hydra bites you.
* * * LOW HITPOINT WARNING * * *
The eight-headed hydra bites you but does no damage.
The eight-headed hydra barely misses you.
The eight-headed hydra misses you. The eight-headed hydra bites you.
* * * LOW HITPOINT WARNING * * *
The eight-headed hydra closely misses you.
The eight-headed hydra bites you!
* * * LOW HITPOINT WARNING * * *
As you read the scroll of teleportation, it crumbles to dust.
You feel strangely unstable.
The orc wizard hits you with a +0 dagger.
* * * LOW HITPOINT WARNING * * *
Okay, then.
You fade into invisibility!
The eight-headed hydra completely misses you.
The eight-headed hydra closely misses you.
The eight-headed hydra barely misses you.
The eight-headed hydra bites you!
You die...

#.............#......##...# #.#
..............#§§§§..##...# #.#
.............#§○○#..##...####.#
#§§○#..##........#
#§§☼#..##........#
#§§§#..##..#####.# #§§§#..##..#
#.# #☼§☼#..##..# #.#
#@o§#..##..# #.# #Do☼#..##..#
#.. #oo○#..##..# #..
#§.§#..##..# . #§§☼#..##..#
#§§§#..##..# #§☼§#..##..#
.o#☼§☼#..##^.# #.#
..(...#..##.<# #.#


You could see an eight-headed hydra (unable to see you), an orc warrior (unable
to see you), an orc priest (unable to see you), an orc wizard (unable to see
you) and an orc (unable to see you).

Vanquished Creatures
  Maggie (D:6)
  2 trolls (D:9)
  Grinder (D:4)
  A shadow (D:9)
  3 wyverns (D:9)
  2 basilisks (D:9)
  Eustachio (D:4)
  An acid dragon (D:9)
  4 water moccasins
  6 orc warriors
  3 hornet zombies (D:7)
  An ice beast (D:6)
  5 ogres
  A black bear (D:5)
  A centaur (D:9)
  5 kobold brigands
  Blork the orc (D:6)
  8 bullfrogs
  3 gnoll sergeants (D:9)
  3 necrophages
  A wyvern zombie (D:7)
  10 wights
  5 killer bees (D:9)
  4 howler monkeys
  An electric eel (D:8)
  3 centaur zombies (D:7)
  2 hounds
  2 gnoll boudas
  3 jellies
  6 orc priests
  Jessica (D:2)
  2 iguanas
  10 orc wizards
  3 killer bee zombies (D:7)
  13 gnolls
  9 adders
  2 shadow imps
  3 white imps
  An ufetubus (D:6)
  3 worms
  3 dart slugs
  48 orcs
  8 ball pythons
  7 endoplasms
  2 hobgoblins
  4 jackals (D:2)
  17 kobolds
  2 quokkas (D:2)
  3 bats (D:3)
  4 frilled lizards
  6 goblins
  A rat (D:3)
242 creatures vanquished.

Vanquished Creatures (others)
  A withered plant (D:7)
1 creature vanquished.

Grand Total: 243 creatures vanquished

Notes
Turn   | Place    | Note
-------+----------+-------------------------------------------
     0 | D:1      | Ankhtithe the Merfolk Gladiator began the quest for the
                  | Orb.
     0 | D:1      | Reached XP level 1. HP: 16/16 MP: 1/1
   189 | D:1      | Reached XP level 2. HP: 15/23 MP: 2/2
   349 | D:1      | Reached skill level 4 in Long Blades
   497 | D:1      | Found a faded altar of an unknown god.
  1098 | D:2      | Reached XP level 3. HP: 10/28 MP: 4/4
  1452 | D:2      | Reached skill level 1 in Spellcasting
  1525 | D:2      | Noticed Jessica
  1534 | D:2      | Killed Jessica
  1628 | D:2      | Reached skill level 5 in Long Blades
  1628 | D:2      | Reached XP level 4. HP: 31/35 MP: 5/5
  2530 | D:3      | Found a shimmering blue altar of Sif Muna.
  2568 | D:3      | Reached XP level 5. HP: 25/41 MP: 6/6
  2721 | D:3      | Reached skill level 6 in Long Blades
  2941 | D:3      | Reached XP level 6. HP: 48/48 MP: 7/7
  2945 | D:3      | Found a shimmering altar of Xom.
  3003 | D:3      | Found an opulent altar of Gozag.
  3004 | D:3      | Found a stormy altar of Qazlal.
  3006 | D:3      | Found a glowing golden altar of the Shining One.
  3006 | D:3      | Found a sacrificial altar of Ru.
  3007 | D:3      | Found a broken altar of Ashenzari.
  3007 | D:3      | Found a glowing silver altar of Zin.
  3010 | D:3      | Found a hazy altar of Hepliaklqana.
  3011 | D:3      | Found an ornate altar of the Wu Jian Council.
  3011 | D:3      | Found a burning altar of Makhleb.
  3623 | D:4      | Noticed Eustachio
  3658 | D:4      | Killed Eustachio
  3659 | D:4      | Reached skill level 7 in Long Blades
  3942 | D:4      | Found a hide-covered altar of Uskayaw.
  4072 | D:4      | Found a transporter.
  4077 | D:4      | Found a transporter.
  4079 | D:4      | Noticed Jingleheimer's ghost (amateur DsFi)
  4088 | D:4      | Reached XP level 7. HP: 46/55 MP: 8/8
  4209 | D:4      | Noticed Grinder
  4220 | D:4      | Killed Grinder
  4221 | D:4      | Reached skill level 5 in Fighting
  4221 | D:4      | Reached skill level 8 in Long Blades
  4538 | D:4      | Found a staircase to the Ecumenical Temple.
  4550 | Temple   | Entered the Ecumenical Temple
  4714 | Temple   | Became a worshipper of Warmaster Okawaru
  4913 | D:4      | Teleporter Room with Ghost
  4933 | D:5      | Entered Level 5 of the Dungeon
  5111 | D:5      | Reached skill level 9 in Long Blades
  5198 | D:5      | Reached XP level 8. HP: 48/63 MP: 9/9
  5733 | D:5      | Reached skill level 10 in Long Blades
  6113 | D:5      | Found a radiant altar of Vehumet.
  6211 | D:5      | Reached * piety under Okawaru
  6500 | D:6      | Noticed Blork the orc
  6512 | D:6      | Killed Blork the orc
  6654 | D:6      | Reached skill level 11 in Long Blades
  6679 | D:6      | Noticed Maggie
  6719 | D:6      | Killed Maggie
  6720 | D:6      | Reached XP level 9. HP: 61/72 MP: 10/10
  6963 | D:6      | Reached skill level 12 in Long Blades
  7161 | D:6      | Reached ** piety under Okawaru
  7850 | D:7      | Learned a level 3 spell: Spider Form
  7870 | D:7      | Reached skill level 1 in Transmutations
  8221 | D:7      | Reached *** piety under Okawaru
  8262 | D:7      | Reached skill level 13 in Long Blades
  8282 | D:7      | Reached XP level 10. HP: 54/80 MP: 8/11
  8285 | D:7      | Reached skill level 5 in Transmutations
  8580 | D:7      | Learned a level 3 spell: Gell's Gravitas
  8988 | D:8      | Reached skill level 1 in Translocations
  9742 | D:9      | Received a gift from Okawaru
 10490 | D:9      | Reached **** piety under Okawaru
 10638 | D:9      | Found a staircase to the Lair.
 10997 | D:9      | Reached skill level 5 in Throwing
 11359 | D:9      | Reached skill level 14 in Long Blades
 11359 | D:9      | Reached XP level 11. HP: 79/89 MP: 12/12
 11416 | D:9      | Found a staircase to the Orcish Mines.
 12243 | D:9      | Received a gift from Okawaru
 12249 | D:9      | Noticed an eight-headed hydra
 12269 | D:9      | HP: 1/89 [eight-headed hydra (12)]
 12272 | D:9      | Slain by an eight-headed hydra

Illustrated notes

..⌠.##..### #.....#
#.(.###...## #.....# #####
###..#####.....#
##....##.....#
####.##.....#
#........############
###..................
#######.......#####.######
#........@....#####..#####
####.###..................
#................©.....
#####....)...#########.
#....)..##8.....8##
#...##..#Jgo......#
#.......#W##...##.#
#######
#..##...#.##...##.#
#>....#
#...##..#....©....#


Turn 4913 on D:4: Teleporter Room with Ghost

Levels and vault maps discovered:
D:1:      wander_arrival_desolate, layout_loops_ring,
          shapermc_ecumenical_altar_gd, serial_park_tiny_2
D:2:      layout_rooms, uniq_jessica
D:3:      layout_basic, mainiacjoe_overflow_brackets, nicolae_overflows_in_rows,
          kennysheep_cross_bottleneck
D:4:      layout_rooms, nicolae_uskayaw_suspiria,
          minmay_temple_entry_nine_rooms, gammafunk_ghost_arena, uniq_grinder,
          uniq_eustachio
D:5:      layout_basic, vehumet_statue, kennysheep_generic_room_13
D:6:      layout_basic, kennysheep_decorative_pillar, st_stairs_12,
          uniq_blork_the_orc, uniq_maggie
D:7:      layout_basic, serial_undead, serial_undead_d, serial_undead_c,
          serial_undead_f, serial_undead_a
D:8:      layout_rooms, chequers_decorated_corner, kennysheep_dice
D:9:      layout_long_grid, erik_lair_dragon,
          kennysheep_orc_monster_closet_entryway, minmay_bent
Temple:   hellmonk_temple_forest_ring

Skill      XL: |  1  2  3  4  5  6  7  8  9 10 11 |
---------------+----------------------------------+-----
Long Blades    | 4 5 6 7 9 11 13 14 | 14.2
Spellcasting   | 1 |  1.0
Fighting       | 3 4 5 7 8 9 |  9.3
Transmutations | 4 5 |  5.4
Translocations | 3 4 |  4.2
Throwing       | 5 6 |  6.1
Dodging        | |  4.0

Action                   |  1- 3 |  4- 6 |  7- 9 | 10-12 || total
-------------------------+-------+-------+-------+-------++-------
Melee: Long sword        |    76 |   171 |    57 |       ||   304
       Punch             |     1 |     2 |     4 |     2 ||     9
       Scimitar          |       |       |   205 |   288 ||   493
Throw: Throwing net      |     2 |       |       |       ||     2
       Boomerang         |     1 |    20 |    17 |       ||    38
       Dart              |       |     5 |    16 |    60 ||    81
       Javelin           |       |     1 |     3 |       ||     4
 Cast: Gell's Gravitas   |       |       |       |     1 ||     1
Invok: Heroism           |       |       |     1 |     2 ||     3
Evoke: Wand              |       |       |     4 |     7 ||    11
  Use: Scroll            |     5 |     4 |     5 |     7 ||    21
       Potion            |       |     4 |       |     8 ||    12
 Stab: Sleeping          |       |       |     1 |     1 ||     2
Armor: Leather armour    |    14 |    37 |     8 |       ||    59
       Robe              |       |       |     1 |       ||     1
       Steam dragon scal |       |       |    40 |    70 ||   110
Dodge: Dodged            |    42 |   118 |   136 |   192 ||   488
